 Dungeon Crawl Stone Soup version 0.31-a0-1469-gd420192249 (webtiles) character file.

Game seed: 11399072004148594659

16874 BigPumpCobain the Grappler (level 12, 0/122 HPs)
             Began as a Troll Shapeshifter on Dec 28, 2023.
             Was an Initiate of Gozag.
             Slain by a polar bear (13 damage)
             ... on level 3 of the Lair of Beasts.
             The game lasted 00:20:49 (11865 turns).

BigPumpCobain the Grappler (Troll Shapeshifter)    Turns: 11865, Time: 00:20:49

Health: 0/122      AC:  8    Str: 35    XL:     12   Next: 13%
Magic:  11/11      EV:  9    Int:  6    God:    Gozag
Gold:   510        SH:  0    Dex:  9    Spells: 11/11 levels left

rFire   . .          .
                       - Unarmed
rCold   . . .        (no shield)
rNeg    . . .        s - +0 robe
rPois   .            (helmet currently unavailable)
rElec   .            (cloak currently unavailable)
rCorr   .            (gloves unavailable)
SInv    .            (boots unavailable)
Will    .....        o - amulet of regeneration
Stlth   +            O - +6 ring of strength
HPRegen 2.00/turn    j - +4 ring of protection
MPRegen 0.12/turn

%: no passive effects
@: beast-form
A: beast (slay +4), large, unfitting armour, claws 3, regeneration 1, shaggy fur
1, tough skin 1
a: Begin Untransformation, Renounce Religion, Potion Petition, Call Merchant,
Bribe Branch


You were on level 3 of the Lair of Beasts.
You worshipped Gozag.
Gozag was pleased with you.
You were a hulking beast.
You visited 2 branches of the dungeon, and saw 13 of its levels.
You also visited: Sewer.

You collected 2915 gold pieces.
You paid 2405 gold pieces to Gozag.

Inventory:

Hand Weapons
 p - a +3 vampiric short sword
 v - the +8 falchion of Legrer {heavy, rF+ Int+2}
   (You took it off a wight on level 3 of the Dungeon)

   Int+2:     It affects your intelligence (+2).
   rF+:       It protects you from fire.
Missiles
 E - 3 throwing nets
Armour
 s - a +0 robe (worn)
Jewellery
 e - a ring of poison resistance
 j - a +4 ring of protection (right claw)
 o - an amulet of regeneration (around neck)
 u - an amulet of guardian spirit
 O - a +6 ring of strength (left claw)
 P - a ring of protection from fire
Talismans
 c - a beast talisman
 d - a flux talisman
 J - a maw talisman
Wands
 F - a wand of mindburst (5)
 H - a wand of polymorph (12)
 I - a wand of roots (21)
 K - a wand of paralysis (35)
 S - a wand of flame (5)
Scrolls
 b - 2 scrolls of amnesia
 f - a scroll of enchant armour {unknown}
 g - 5 scrolls of silence
 h - 2 scrolls of vulnerability
 i - 6 scrolls of teleportation
 m - 2 scrolls of noise
 n - 3 scrolls of immolation
 q - 4 scrolls of fear
 x - 3 scrolls of revelation
 y - a scroll of blinking
 A - 6 scrolls of identify
 D - 2 scrolls of fog
 G - 3 scrolls of enchant weapon
Potions
 a - 2 potions of brilliance
 k - 7 potions of curing
 l - a potion of enlightenment {unknown}
 r - 4 potions of heal wounds {unknown}
 t - 2 potions of degeneration {unknown}
 w - 2 potions of magic {unknown}
 z - 4 potions of mutation {unknown}
 B - a potion of haste {unknown}
 C - 2 potions of might {unknown}
 M - a potion of invisibility {unknown}
 R - a potion of cancellation {unknown}
 T - a potion of ambrosia {unknown}


   Skills:
 + Level 8.5 Fighting
 - Level 1.5 Dodging
 * Level 14.4 Unarmed Combat
 + Level 9.8 Shapeshifting


You had 11 spell levels left.
You didn't know any spells.
Your spell library contained the following spells:

 Spells                   Type           Power      Damage    Failure   Level
 Shock                    Conj/Air       0%         1d3       45%         1
 Blink                    Tloc           0%         N/A       58%         2
 Cigotuvi's Dreadful Rot  Necr/Alch/Air  0%         N/A       58%         2
 Lesser Beckoning         Tloc           0%         N/A       58%         2
 Momentum Strike          Conj/Tloc      0%         3d8       58%         2
 Scorch                   Fire           0%         2d5       58%         2
 Sublimation of Blood     Necr           0%         N/A       58%         2
 Fugue of the Fallen      Necr           0%         N/A       83%         3
 Hailstorm                Conj/Ice       0%         3d5       83%         3
 Inner Flame              Hex/Fire       0%         N/A       83%         3
 Ozocubu's Armour         Ice            0%         N/A       83%         3
 Summon Ice Beast         Ice/Summ       0%         N/A       83%         3
 Swiftness                Air            0%         N/A       83%         3
 Airstrike                Air            0%         2d(0-16)  99%         4
 Dispel Undead            Necr           0%         3d6       99%         4
 Flame Wave               Conj/Fire      0%         2d4       99%         4
 Manifold Assault         Tloc           0%         N/A       99%         4
 Martyr's Knell           Necr/Summ      0%         N/A       99%         4
 Petrify                  Alch/Erth      0%         N/A       99%         4
 Irradiate                Conj/Alch      0%         3d11      100%        5
 Death Channel            Necr           0%         N/A       100%        6
 Summon Cactus Giant      Summ           0%         N/A       100%        6
 Ignition                 Fire           0%         3d3       100%        8
 Sculpt Simulacrum        Ice/Alch       Unusable   N/A       N/A         6

Dungeon Overview and Level Annotations

Branches:
Dungeon (10/15)            Temple (0/1) D:7            Lair (3/5) D:10
 Spider (0/4) Lair:2          Orc (0/2) D:9           Sewer (visited)
  Swamp: Lair:2-3    Shoals: Lair:2-3

Altars:
Ashenzari
Cheibriados
Dithmenos
Elyvilon
Fedhas
Gozag
Kikubaaqudgha
Makhleb
Nemelex Xobeh
Okawaru
Qazlal
Ru
Uskayaw
Xom

Shops:
D:5 (:   D:10 **   Lair:1 =


Innate Abilities, Weirdness & Mutations

You are a hulking beast.
Your limbs bulge with bestial killing power. (Slay +4)
You are too large for most types of armour.
You have claws for hands.
Your natural rate of healing is unusually fast.
You are covered in fur. (AC +1)
You have tough skin. (AC +1)


Message History

The wyvern barely misses you. The polar bear bites you.
The polar bear barely misses you.
The polar bear claws you but does no damage.
The blink frog barely misses you.
You scratch the polar bear.
The polar bear is moderately wounded.
The wyvern closely misses you. The blink frog misses you.
The polar bear bites you. The polar bear closely misses you.
The polar bear claws you but does no damage.
You claw the polar bear!
The polar bear is heavily wounded.
The wyvern bites you.
The blink frog hits you but does no damage.
You claw one of the eight-headed hydra's heads off!
The seven-headed hydra grows two more!
You eviscerate the nine-headed hydra!!!
The nine-headed hydra is heavily wounded.
The wyvern bites you.
The blink frog blinks!
You rip one of the nine-headed hydra's heads off!
The eight-headed hydra grows two more!
You claw the ten-headed hydra!
The ten-headed hydra is heavily wounded.
The wyvern bites you but does no damage.
You tear one of the ten-headed hydra's heads off!
The nine-headed hydra grows two more!
You claw the 11-headed hydra!
The 11-headed hydra is severely wounded.
The wyvern bites you but does no damage.
The 11-headed hydra bites you but does no damage.
The 11-headed hydra bites you! x2; The 11-headed hydra misses you.
The 11-headed hydra bites you but does no damage.
The 11-headed hydra bites you!
* * * LOW HITPOINT WARNING * * *
The 11-headed hydra bites you!
* * * LOW HITPOINT WARNING * * *
The 11-headed hydra bites you but does no damage. x2
The 11-headed hydra bites you!
* * * LOW HITPOINT WARNING * * *
The 11-headed hydra bites you.
* * * LOW HITPOINT WARNING * * *
The polar bear bites you!
You die...
Your body crumbles into a pile of gold.

#...## .....#
#.........# #....#
##.........## #....#
#...........# ##...##
#.........P# #.....#
#.........# ##<..##
##....F....## #.....#
#....hDk....# #.....#
#.....h.....# #....##
##....$ยง...##
#....## #..........##
##....# ##..........#
#....## #...........#
#.....####.........##
##.................#
#..................#
##..................#


You could see a 11-headed hydra, a polar bear, a blink frog and a wyvern.

Vanquished Creatures
  A two-headed ogre (D:10)
  2 death yaks (D:10)
  Pikel (D:5)
  Maurice (D:8)
  A black mamba (Lair:1)
  Joseph (D:8)
  5 cane toads
  A torpor snail (Lair:1)
  2 rime drakes
  6 komodo dragons
  2 trolls (D:10)
  A polar bear (D:10)
  The ghost of Sonofthefire the Trooper, an amateur OpSh (D:5)
  5 blink frogs
  Sigmund (D:2)
  5 yaks
  A hog (D:10)
  Grum (D:8)
  A wyvern (D:9)
  A basilisk (Lair:1)
  An acid dragon (D:9)
  2 water moccasins (Lair:1)
  Duvessa (D:7)
  5 black bears
  2 orc warriors
  2 sky beasts (D:7)
  6 centaurs
  10 ogres
  A lemure (D:5)
  10 wolves
  A phantom (D:6)
  A gnoll sergeant (D:8)
  2 brain worms (Sewer)
  A kobold brigand (D:8)
  11 bullfrogs
  4 scorpions
  3 wights (D:3)
  Dowan (D:7)
  3 killer bees (D:8)
  2 howler monkeys
  2 bombardier beetles
  14 orc priests
  Crazy Yiuf (D:5)
  2 hounds
  3 jellies
  3 sleepcaps
  5 iguanas
  10 orc wizards
  13 gnolls
  15 adders
  3 shadow imps
  4 worms
  5 dart slugs
  67 orcs
  8 endoplasms
  9 giant cockroaches
  A goblin (D:4)
  8 hobgoblins
  8 quokkas
  7 ball pythons
  4 bats
  8 frilled lizards
  18 kobolds
  3 rats
  A spectral hobgoblin (D:2)
331 creatures vanquished.

Notes
Turn   | Place    | Note
-------+----------+-------------------------------------------
     0 | D:1      | BigPumpCobain the Troll Shapeshifter began the quest for
                  | the Orb.
     0 | D:1      | Reached XP level 1. HP: 18/18 MP: 0/0
    53 | D:1      | Reached skill level 1 in Fighting
    63 | D:1      | Reached XP level 2. HP: 26/27 MP: 1/1
   412 | D:1      | Reached XP level 3. HP: 33/33 MP: 2/2
   803 | D:2      | Found a faded altar of an unknown god.
   848 | D:2      | Noticed Sigmund
   855 | D:2      | Killed Sigmund
   856 | D:2      | Reached skill level 5 in Unarmed Combat
   856 | D:2      | Reached XP level 4. HP: 40/42 MP: 3/3
   856 | D:2      | Reached XP level 5. HP: 47/49 MP: 4/4
  1576 | D:3      | Reached XP level 6. HP: 51/59 MP: 5/5
  2230 | D:3      | Identified the +8 falchion of Legrer {heavy, rF+ Int+2}
  2617 | D:4      | Found a glowing drain.
  2647 | D:4      | Reached skill level 6 in Unarmed Combat
  2653 | Sewer    | Entered a sewer
  2752 | Sewer    | Reached XP level 7. HP: 67/67 MP: 6/6
  3318 | D:4      | Identified the +1 ring mail of the Trilobite {Str+2 Int+2
                  | Dex+3 Stlth-}
  3837 | D:4      | Reached skill level 7 in Unarmed Combat
  3837 | D:4      | Reached skill level 5 in Shapeshifting
  3989 | D:4      | Found an opulent altar of Gozag.
  3993 | D:4      | Became a worshipper of Gozag Ym Sagoz the Greedy
  3997 | D:4      | Found a shadowy altar of Dithmenos.
  4000 | D:4      | Found a snail-covered altar of Cheibriados.
  4157 | D:5      | Entered Level 5 of the Dungeon
  4165 | D:5      | Reached XP level 8. HP: 76/78 MP: 7/7
  4224 | D:5      | Noticed Pikel
  4238 | D:5      | Killed Pikel
  4239 | D:5      | Reached skill level 8 in Unarmed Combat
  4367 | D:5      | Found Duplon's Antique Weapon Shoppe.
  4372 | D:5      | Found Hafryilu's Book Boutique.
  4598 | D:5      | Found a runed translucent door.
  4600 | D:5      | Noticed Sonofthefire's ghost (amateur OpSh)
  4663 | D:5      | Found a runed translucent door.
  4684 | D:5      | Found a runed translucent door.
  4685 | D:5      | Noticed Crazy Yiuf
  4733 | D:5      | Found a burning altar of Makhleb.
  4808 | D:5      | Reached XP level 9. HP: 87/87 MP: 8/8
  5138 | D:5      | Reached skill level 9 in Unarmed Combat
  5146 | D:5      | Killed Sonofthefire's ghost
  5147 | D:5      | Reached skill level 5 in Fighting
  5183 | D:5      | Killed Crazy Yiuf
  5358 | D:6      | Found an iron altar of Okawaru.
  6181 | D:7      | Found a shimmering altar of Xom.
  6191 | D:7      | Found a staircase to the Ecumenical Temple.
  6281 | D:7      | Found a blossoming altar of Fedhas.
  6289 | D:7      | Noticed Duvessa
  6289 | D:7      | Noticed Dowan
  6294 | D:7      | Killed Duvessa
  6303 | D:7      | Killed Dowan
  6309 | D:7      | Reached skill level 10 in Unarmed Combat
  7509 | D:8      | Reached XP level 10. HP: 98/98 MP: 9/9
  7683 | D:8      | Noticed Maurice
  7697 | D:8      | Something stole an amulet of magic regeneration
  7701 | D:8      | Something stole the +8 falchion of Legrer {heavy, rF+
                  | Int+2}
  7702 | D:8      | Something stole 3 throwing nets
  7703 | D:8      | Something stole a maw talisman
  7706 | D:8      | Something stole 500 gold
  7709 | D:8      | Killed Maurice
  7710 | D:8      | Reached skill level 11 in Unarmed Combat
  7913 | D:8      | Noticed Grum
  7929 | D:8      | Killed Grum
  8120 | D:9      | Noticed Joseph
  8215 | D:8      | Paralysed by Joseph for 2 turns
  8222 | D:8      | Killed Joseph
  8353 | D:9      | Found a staircase to the Orcish Mines.
  8476 | D:9      | Reached skill level 12 in Unarmed Combat
  8747 | D:9      | Found a broken altar of Ashenzari.
  8799 | D:9      | Found a stormy altar of Qazlal.
  8928 | D:10     | Entered Level 10 of the Dungeon
  8930 | D:10     | Found a sparkling altar of Nemelex Xobeh.
  9019 | D:10     | Found a staircase to the Lair.
  9033 | Lair:1   | Entered Level 1 of the Lair of Beasts
  9033 | Lair:1   | Noticed a cane toad
  9046 | D:10     | Killed a cane toad
  9080 | D:10     | Found an ancient bone altar of Kikubaaqudgha.
  9089 | D:10     | Found a white marble altar of Elyvilon.
  9090 | D:10     | Found a sacrificial altar of Ru.
  9090 | D:10     | Found a hide-covered altar of Uskayaw.
  9285 | D:10     | Reached XP level 11. HP: 109/109 MP: 10/10
  9366 | D:10     | Noticed Lodul
  9539 | D:10     | Lodul changed into Lodul the hog
  9539 | D:10     | Noticed Lodul
  9542 | D:10     | Killed Lodul the hog
  9786 | D:10     | Noticed a two-headed ogre
  9791 | D:10     | Killed a two-headed ogre
  9979 | Lair:1   | Reached skill level 13 in Unarmed Combat
 10219 | Lair:1   | Noticed a death yak
 10220 | Lair:1   | Noticed a death yak
 10267 | D:10     | Killed a death yak
 10270 | D:10     | Killed a death yak
 11080 | Lair:2   | Reached skill level 14 in Unarmed Combat
 11222 | Lair:2   | Noticed a six-headed hydra
 11273 | Lair:2   | Reached XP level 12. HP: 111/122 MP: 11/11
 11604 | Lair:2   | Found a hole to the Spider Nest.
 11854 | Lair:3   | Noticed an eight-headed hydra
 11865 | Lair:3   | Slain by a polar bear

Illustrated notes

Levels and vault maps discovered:
D:1:      psy_arrival_statuary, layout_basic, dreamdust_princess_bridge
D:2:      layout_loops_corners, dreamdust_ecumenical_altar_drowned_temple,
          uniq_sigmund
D:3:      layout_basic
D:4:      minmay_opposing_rooms, layout_basic, grunt_temple_overflow_diamond,
          portal_sewer_entry_f
D:5:      layout_gridville, nicolae_overflow_hidden_temple,
          ebering_ghost_sewer_f, nicolae_wooded_promenade, serial_park_tiny_2,
          uniq_crazy_yiuf_cottage, uniq_pikel
D:6:      layout_loops_corners, okawaru_gym_becter
D:7:      layout_basic, kennysheep_mini_moat, fedhas_altar_3,
          minmay_temple_entry_proselytizer, uniq_duvessa
D:8:      layout_gridville, minmay_door_square, uniq_grum, uniq_maurice
D:9:      layout_basic, mainiacjoe_overflow_boulevard, kennysheep_little_box,
          hiddenorc2_lemuel, uniq_joseph
D:10:     layout_irregular_city, general_overflow_altar, minitemple,
          lair_entry_dummy, uniq_lodul, uniq_maggie
Lair:1:   layout_cave_pods, st_stairs_8, beast_lair_carwin_6,
          infiniplex_staircase_pool_2
Lair:2:   layout_long_grid, nicolae_spider_entry_orb_guardian, minivault_11
Lair:3:   layout_long_grid, minmay_swamp_entry_reptiles,
          nzn_masters_of_martial_movement

Skill      XL: |  1  2  3  4  5  6  7  8  9 10 11 |
---------------+----------------------------------+-----
Fighting       | 1 2 3 4 6 7 8 |  8.5
Unarmed Combat | 5 6 7 8 10 12 14 | 14.4
Shapeshifting  | 4 5 6 7 8 9 |  9.8
Dodging        | |  1.5

Action                     |  1- 3 |  4- 6 |  7- 9 | 10-12 || total
---------------------------+-------+-------+-------+-------++-------
  Melee: Unarmed           |    68 |   101 |   269 |   352 ||   790
         Punch             |     1 |     1 |     5 |    23 ||    30
 Invoke: Call Merchant     |       |       |       |     3 ||     3
  Evoke: Wand              |       |       |       |    15 ||    15
    Use: Scroll            |       |       |    14 |     5 ||    19
         Potion            |       |       |       |     4 ||     4
   Stab: Distracted        |       |       |     2 |       ||     2
 Armour: Animal skin       |    32 |    15 |       |       ||    47
         Robe              |       |    30 |   207 |   340 ||   577
         Skin              |       |       |       |    37 ||    37
  Dodge: Dodged            |    19 |    30 |   119 |   176 ||   344

Table legend: (Time is in decaauts)
 A = Elapsed time spent in this place.
 B = Non-inter-level travel time spent in this place.
 C = Inter-level travel time spent in this place.
 D = Time resting spent in this place.
 E = Time spent auto-exploring this place.
 F = Levels seen in this place.
 G = Mean time per level.
                   A        B        C        D        E       F      G
               +--------+--------+--------+--------+--------+-----+--------+
         Total |  11741 |  11290 |    451 |    169 |   9041 |  14 |  838.6 |
       Dungeon |   9520 |   9115 |    405 |    169 |   7369 |  10 |  952.0 |
          Lair |   1877 |   1831 |     46 |      0 |   1432 |   3 |  625.7 |
         Sewer |    343 |    343 |      0 |      0 |    240 |   1 |  343.0 |
               +--------+--------+--------+--------+--------+-----+--------+

Top non-repeatable levels by time:
     D:8: 1308 daAuts
     D:4: 1205 daAuts
  Lair:1: 1067 daAuts
     D:5: 1056 daAuts
     D:3: 1023 daAuts
     D:6: 932 daAuts
    D:10: 921 daAuts
     D:2: 881 daAuts
     D:7: 796 daAuts
  Lair:2: 771 daAuts
     D:9: 717 daAuts
     D:1: 677 daAuts
   Sewer: 343 daAuts
  Lair:3: 38 daAuts
